 Dungeon Crawl Stone Soup version 0.29-a0-275-g389c0b56f3 (webtiles) character file.

Game seed: 13398716835241217931

14 namelastname112 the Chiller (level 2, -3/22 HPs)
             Began as a Draconian Ice Elementalist on Mar 12, 2022.
             Slain by a gnoll
             ... wielding a +0 spear
              (7 damage)
             ... on level 1 of the Dungeon.
             The game lasted 00:00:37 (460 turns).

namelastname112 the Chiller (DrIE)                   Turns: 460, Time: 00:00:37

Health: -3/22      AC:  4    Str: 10    XL:     2   Next: 27%
Magic:  0/5        EV: 12    Int: 15    God:
Gold:   54         SH:  0    Dex: 11    Spells: 4/5 levels left

rFire   . . .      SeeInvis .   c - +0 dagger
rCold   . . .      Faith    .   (no shield)
rNeg    . . .      Spirit   .   (body armour unavailable)
rPois   .          Reflect  .   (helmet restricted)
rElec   .          Harm     .   (no cloak)
rCorr   .          Rampage  .   (no gloves)
Will    .....                   (no boots)
Stlth   ++........              (no amulet)
HPRegen 0.07/turn               (no ring)
MPRegen 0.09/turn               (no ring)

@: very slightly contaminated
A: AC +4, unfitting armour, cold-blooded
a: no special abilities


You were on level 1 of the Dungeon.
You visited 1 branch of the dungeon, and saw 1 of its levels.

You collected 54 gold pieces.

Inventory:

Hand Weapons
 c - a +0 dagger (weapon)
Scrolls
 e - a scroll of teleportation {unknown}
 f - a scroll of vulnerability {unknown}
Potions
 a - a potion of magic
 b - a potion of haste {unknown}
 d - a potion of flight {unknown}
 g - a potion of lignification {unknown}


   Skills:
 + Level 0.9 Fighting
 + Level 2.0 Dodging
 - Level 1.7 Stealth
 + Level 2.2 Spellcasting
 + Level 4.1 Ice Magic


You had 4 spell levels left.
You knew the following spells:

 Your Spells              Type           Power      Damage    Failure   Level
z - Freeze                Ice            56%        1d7       4%          1

Your spell library contained the following spells:

 Spells                   Type           Power      Damage    Failure   Level
 Frozen Ramparts          Ice            28%        1d4       12%         3
 Ozocubu's Armour         Ice            14%        N/A       12%         3
 Hailstorm                Conj/Ice       7%         3d4       67%         4


Dungeon Overview and Level Annotations

Branches:
Dungeon (1/15)

Altars:


Innate Abilities, Weirdness & Mutations

Your plain brown scales are hard. (AC +4)
You cannot fit into any form of body armour.
You are cold-blooded and may be slowed by cold attacks.


Message History

The rat bites you but does no damage!
You now have 4/5 mp!
Casting: Freeze (safe; 4% risk of failure)
Confirm with ! or Enter, or press ? or * to list all spells!
Aiming: Freeze (safe; 4% risk of failure)
Press: ? - help, Shift-Dir - straight line, f/p - rat
Aim: a rat (moderately wounded)
You freeze the rat!
You annihilate the rat!!!
The gnoll closely misses you!
You now have 3/5 mp!
The gnoll barely misses you!
Casting: Freeze (safe; 4% risk of failure)
Confirm with ! or Enter, or press ? or * to list all spells!
Aiming: Freeze (safe; 4% risk of failure)
Press: ? - help, Shift-Dir - straight line, f - gnoll
Aim: a gnoll, wielding a +0 spear You freeze the gnoll!
The gnoll is heavily wounded!
The gnoll hits you with a +0 spear!!! * * * don't die
* * * You take 9 damage, and have 4/22 hp!
MASSIVE DAMAGE!!!!!!
You now have 2/5 mp!
Casting: Freeze (safe; 4% risk of failure)
Confirm with ! or Enter, or press ? or * to list all spells!
Aiming: Freeze (safe; 4% risk of failure)
Press: ? - help, Shift-Dir - straight line, f/p - gnoll
Aim: a gnoll, wielding a +0 spear (heavily wounded)
You freeze the gnoll!
The gnoll is severely wounded!
The gnoll barely misses you!
You now have 1/5 mp!
Casting: Freeze (safe; 4% risk of failure)
Confirm with ! or Enter, or press ? or * to list all spells!
Aiming: Freeze (safe; 4% risk of failure)
Press: ? - help, Shift-Dir - straight line, f/p - gnoll
Aim: a gnoll, wielding a +0 spear (severely wounded)
You miscast Freeze!
You are very lightly contaminated with residual magic!
Nothing appears to happen!
The gnoll hits you with a +0 spear!!! rip

#...#......_.....
#####.#.#..#.........
#######....................
.................#.........
.>.........................
##########..###............
# #### #..#####S.....####
.## ...# #...÷.##g#.....###
#... ##.##
##..#..@.........##..#
#..##
#.....#.............###
##..#
#............#....#....
#†.##
#..##.######...........
♣...♣
##.##....#####.........
♣♣.♣♣♣
#..#####..###)...##....
♣.♣♣♣ ##.#
###..##....####.# ♣♣..♣
#..# #............#...
♣♣.♣♣♣
###.####.####...........


You could see a gnoll and a ball python.

Vanquished Creatures
  An endoplasm (D:1)
  2 giant cockroaches (D:1)
  2 goblins (D:1)
  2 hobgoblins (D:1)
  A kobold (D:1)
  A ball python (D:1)
  A frilled lizard (D:1)
  2 rats (D:1)
12 creatures vanquished.

Notes
Turn   | Place    | Note
-------+----------+-------------------------------------------
     0 | D:1      | namelastname112 the Draconian Ice Elementalist began the
                  | quest for the Orb.
     0 | D:1      | Reached XP level 1. HP: 14/14 MP: 3/3
   154 | D:1      | Reached XP level 2. HP: 20/22 MP: 0/5
   428 | D:1      | Found a faded altar of an unknown god.
   460 | D:1      | Slain by a gnoll

Illustrated notes

Levels and vault maps discovered:
D:1:      roderic_dead_forest, layout_rooms, basic_ecumenical_altar

Skill      XL: |  1 |
---------------+----+-----
Dodging        | 2 |  2.0
Fighting       | |  0.9
Stealth        | |  1.7
Spellcasting   | |  2.2
Ice Magic      | |  4.1

Action                   || total
-------------------------++-------
Melee: Dagger            ||    14
       Tailslap          ||     2
 Cast: Freeze            ||    14
 Stab: Sleeping          ||     1
Armor: Skin              ||     8
Dodge: Dodged            ||    14

Table legend: (Time is in decaauts)
 A = Elapsed time spent in this place.
 B = Non-inter-level travel time spent in this place.
 C = Inter-level travel time spent in this place.
 D = Time resting spent in this place.
 E = Time spent auto-exploring this place.
 F = Levels seen in this place.
 G = Mean time per level.
                   A        B        C        D        E       F      G
               +--------+--------+--------+--------+--------+-----+--------+
         Total |    460 |    460 |      0 |      0 |    373 |   1 |  460.0 |
       Dungeon |    460 |    460 |      0 |      0 |    373 |   1 |  460.0 |
               +--------+--------+--------+--------+--------+-----+--------+

Top non-repeatable levels by time:
     D:1: 460 daAuts
